 Dungeon Crawl Stone Soup version 0.31-a0-489-g282fc92437 (webtiles) character file.

Game seed: 9972846578614657944

154 Ethylacetat the Sneak (level 5, 0/37 HPs)
             Began as an Octopode Brigand on Aug 8, 2023.
             Slain by an orc
             ... wielding a +0 trident
              (8 damage)
             ... on level 3 of the Dungeon.
             The game lasted 00:02:01 (1975 turns).

Ethylacetat the Sneak (Octopode Brigand)            Turns: 1975, Time: 00:02:02

Health: 0/37       AC:  1    Str: 10    XL:     5   Next: 35%
Magic:  5/5        EV: 14    Int: 13    God:
Gold:   105        SH:  0    Dex: 16    Spells: 4/4 levels left

rFire   . . .        a - +2 dagger
rCold   . . .        (no shield)
rNeg    . . .        (helmet restricted)
rPois   .            (no amulet)
rElec   .            (no ring)
rCorr   .            (no ring)
SInv    .            (no ring)
Will    .....        (no ring)
Stlth   ++++         (no ring)
HPRegen 0.26/turn    (no ring)
MPRegen 0.09/turn    (no ring)
                     (no ring)

%: no passive effects
@: no status effects
A: almost no armour, amphibious, 8 rings, camouflage 1, gelatinous body 1,
(nimble swimmer 1), tentacles
a: no special abilities


You were on level 3 of the Dungeon.
You visited 1 branch of the dungeon, and saw 3 of its levels.

You collected 105 gold pieces.

Inventory:

Hand Weapons
 a - a +2 dagger (weapon)
Missiles
 b - 22 poisoned darts (quivered)
 c - 3 curare-tipped darts
Scrolls
 d - a scroll of poison {unknown}
 e - 6 scrolls of identify {unknown}
 f - a scroll of teleportation {unknown}
 g - a scroll of fear {unknown}
 h - a scroll of enchant weapon {unknown}
 i - a scroll of revelation {unknown}
 k - a scroll of immolation {unknown}
 l - a scroll of enchant armour {unknown}
 n - a scroll of blinking {unknown}
Potions
 j - 2 potions of curing {unknown}
 m - a potion of might {unknown}
 o - a potion of attraction {unknown}


   Skills:
 + Level 4.0 Fighting
 - Level 2.0 Short Blades
 - Level 2.0 Throwing
 + Level 3.6 Dodging
 - Level 5.3 Stealth


You had 4 spell levels left.
You didn't know any spells.
Your spell library contained the following spells:

 Spells                   Type           Power      Damage    Failure   Level
 Simulacrum               Ice/Necr       0%         N/A       100%        6
 Ozocubu's Refrigeration  Ice            0%         4d7       100%        7
 Polar Vortex             Ice            0%         N/A       100%        9


Dungeon Overview and Level Annotations

Branches:
Dungeon (3/15)

Altars:
Yredelemnul


Innate Abilities, Weirdness & Mutations

You cannot wear most types of armour.
You are amphibious.
You can wear up to eight rings at the same time.
Your skin changes colour to match your surroundings (Stealth+).
Your rubbery body absorbs attacks. (AC +1, EV +1)
((You are camouflaged when in or above water. (Stealth+)))
You have tentacles for arms and can constrict up to eight enemies at once.


Message History

You kill the orc!
The orc barely misses you.
A frilled lizard comes into view.
Your Fighting skill increases to level 4!
The frilled lizard hisses angrily.
You hit the orc. You grab the orc. You squeeze the orc.
You kill the orc!
The orc closely misses you.
The frilled lizard unfolds its giant frill.
You swing at nothing.
The orc hits you from afar with a +0 trident!
You swing at nothing.
The orc hits you from afar with a +0 trident.
You swing at nothing.
The orc hits you from afar with a +0 trident.
You hit the orc but do no damage. You grab the orc. You constrict the orc.
The orc closely misses you.
The orc hits you from afar with a +0 trident.
You hit the orc. You squeeze the orc.
You kill the orc!
The orc hits you from afar with a +0 trident!
* * * LOW HITPOINT WARNING * * *
You barely miss the frilled lizard. Your grab misses the frilled lizard.
You squeeze the frilled lizard, but do no damage.
The orc barely misses you. The frilled lizard misses you.
You miss the frilled lizard. You grab the frilled lizard.
You constrict the frilled lizard. The orc misses you.
The frilled lizard barely misses you.
You barely miss the frilled lizard.
The frilled lizard is heavily wounded.
You constrict the frilled lizard.
You kill the frilled lizard!
You swing at nothing.
The orc closely misses you.
You swing at nothing.
The orc closely misses you.
You swing at nothing.
The orc hits you from afar with a +0 trident.
* * * LOW HITPOINT WARNING * * *
You swing at nothing.
The orc hits you from afar with a +0 trident!
You die...

.. .. #. ####. #### #
....##...##.#
........o.. ##........#
########.........#
#.....@)r........#
#.######o........#
###.###.#######.[.......
........†..............#
.##.#####.#######...###.
#...########.##
#.........# .# .##
#.♣♣♣♣♣♣♣.# #
.....##....†....#


You could see an orc and a rat.

Vanquished Creatures
  Crazy Yiuf (D:2)
  4 adders (D:2)
  A dart slug (D:2)
  4 orcs (D:3)
  2 ball pythons (D:1)
  11 endoplasms
  8 giant cockroaches
  3 goblins
  4 hobgoblins
  7 jackals
  3 kobolds
  3 quokkas
  7 bats
  11 frilled lizards
  8 rats
77 creatures vanquished.

Notes
Turn   | Place    | Note
-------+----------+-------------------------------------------
     0 | D:1      | Ethylacetat the Octopode Brigand began the quest for the
                  | Orb.
     0 | D:1      | Reached XP level 1. HP: 14/14 MP: 1/1
    62 | D:1      | Reached XP level 2. HP: 11/20 MP: 2/2
   303 | D:1      | Reached XP level 3. HP: 24/25 MP: 3/3
   910 | D:2      | Reached XP level 4. HP: 30/31 MP: 4/4
  1576 | D:2      | Found a runed translucent door.
  1577 | D:2      | Noticed Crazy Yiuf
  1786 | D:2      | Killed Crazy Yiuf
  1787 | D:2      | Reached XP level 5. HP: 23/37 MP: 5/5
  1903 | D:3      | Found a basalt altar of Yredelemnul.
  1975 | D:3      | Slain by an orc

Illustrated notes

Levels and vault maps discovered:
D:1:      dpeg_arrival_three_same_balls, layout_loops_ring, minmay_lizard_pond
D:2:      layout_basic, minmay_misc_feat_roman, minmay_misc_feat_x,
          minmay_3d_cube, uniq_crazy_yiuf_cottage
D:3:      layout_loops_ring, mainiacjoe_overflow_cross_hatched

Skill      XL: |  1  2  3  4  5 |
---------------+----------------+-----
Dodging        | 2 3 |  3.6
Fighting       | 3 4 |  4.0
Short Blades   | |  2.0
Throwing       | |  2.0
Stealth        | |  5.3

Action                     |  1- 3 |  4- 6 || total
---------------------------+-------+-------++-------
  Melee: Dagger            |    68 |    60 ||   128
         Tentacles         |     7 |    11 ||    18
         Constrict         |    13 |    12 ||    25
         Punch             |     2 |       ||     2
   Stab: Sleeping          |    16 |    18 ||    34
 Armour: Skin              |     7 |     6 ||    13
  Dodge: Dodged            |    30 |    47 ||    77

Table legend: (Time is in decaauts)
 A = Elapsed time spent in this place.
 B = Non-inter-level travel time spent in this place.
 C = Inter-level travel time spent in this place.
 D = Time resting spent in this place.
 E = Time spent auto-exploring this place.
 F = Levels seen in this place.
 G = Mean time per level.
                   A        B        C        D        E       F      G
               +--------+--------+--------+--------+--------+-----+--------+
         Total |   1961 |   1854 |    107 |      0 |   1482 |   3 |  653.7 |
       Dungeon |   1961 |   1854 |    107 |      0 |   1482 |   3 |  653.7 |
               +--------+--------+--------+--------+--------+-----+--------+

Top non-repeatable levels by time:
     D:2: 1170 daAuts
     D:1: 714 daAuts
     D:3: 76 daAuts
